 Dungeon Crawl Stone Soup version 0.28-a0-529-g3bad584f25 (webtiles) character file.

Game seed: 2422376582029416511

12040 Gwenloh the Transmogrifier (level 11, -16/110 HPs)
             Began as a Demigod Transmuter on Sept 24, 2021.
             Demolished by a cane toad (19 damage)
             ... on level 1 of the Lair of Beasts on Sept 25, 2021.
             The game lasted 01:20:55 (15990 turns).

Gwenloh the Transmogrifier (Demigod Transmuter)    Turns: 15990, Time: 01:20:56

Health: -16/110    AC:  9    Str: 11    XL:     11   Next: 32%
Magic:  22/22      EV: 14    Int: 23    God:
Gold:   561        SH:  0    Dex: 18    Spells: 5/20 levels left

rFire   x . .      SeeInvis .     - Unarmed
rCold   + + +      Faith    .   (shield currently unavailable)
rNeg    . . .      Spirit   .   (armour currently unavailable)
rPois   +          Reflect  .   (helmet currently unavailable)
rElec   .          Harm     .   (cloak currently unavailable)
rCorr   .          Rampage  .   (gloves currently unavailable)
Will    +....                   (boots currently unavailable)
Stlth   ++........              F - amulet of magic regeneration
HPRegen 0.28/turn               w - +4 ring of slaying
MPRegen 0.43/turn               m - ring of wizardry

@: ice-form (expiring)
A: freezing attack, amphibious, boosted hp, large, high mp 1, forlorn
a: End Transformation


You were on level 1 of the Lair of Beasts.
You were a creature of crystalline ice.
You visited 2 branches of the dungeon, and saw 11 of its levels.
You also visited: Ossuary.

You collected 561 gold pieces.

Inventory:

Missiles
 b - 310 stones
 q - 31 poisoned darts (quivered)
Armour
 p - a +2 pair of boots (melded)
 r - a +3 leather armour of fire resistance (melded)
 t - a +1 cloak (melded)
 R - +0 steam dragon scales
Magical Staves
 e - a staff of death
Jewellery
 j - a ring of magical power
 m - a ring of wizardry (right front paw)
 n - a ring of magical power
 w - a +4 ring of slaying (left front paw)
 y - a +6 ring of intelligence
 F - an amulet of magic regeneration (around neck)
 M - a ring of protection from fire
 O - a ring of ice
Wands
 v - a wand of polymorph (5)
 H - a wand of digging (8)
 L - a wand of acid (11)
 N - a wand of flame (11)
Scrolls
 a - 2 scrolls of teleportation
 d - 2 scrolls of amnesia {unknown}
 g - a scroll of silence {unknown}
 h - 3 scrolls of enchant weapon
 i - a scroll of magic mapping {unknown}
 k - a scroll of noise {unknown}
 l - 2 scrolls of fog {unknown}
 D - a scroll of vulnerability {unknown}
 G - a scroll of summoning {unknown}
 J - 2 scrolls of brand weapon
 P - a scroll of enchant armour
Potions
 c - 2 potions of lignification {unknown}
 f - a potion of mutation {unknown}
 o - 3 potions of curing
 s - 3 potions of heal wounds {unknown}
 u - 2 potions of degeneration {unknown}
 x - 3 potions of magic
 z - 3 potions of haste {unknown}
 A - a potion of ambrosia {unknown}
 B - 2 potions of invisibility
 C - 3 potions of cancellation {unknown}
 E - a potion of resistance {unknown}
 I - a potion of berserk rage {unknown}
 Q - a potion of might


   Skills:
 + Level 7.3 Fighting
 - Level 2.1 Armour
 + Level 7.1 Dodging
 + Level 7.9 Unarmed Combat
 - Level 5.0 Spellcasting
 + Level 9.4 Transmutations
 + Level 4.4 Ice Magic


You had 5 spell levels left.
You knew the following spells:

 Your Spells              Type           Power      Damage    Failure   Level
a - Beastly Appendage     Tmut           98%        N/A       1%          1
b - Wereblood             Tmut           49%        N/A       1%          2
c - Spider Form           Tmut/Pois      13%        N/A       1%          3
d - Ice Form              Ice/Tmut       37%        N/A       2%          4
e - Blade Hands           Tmut           24%        N/A       2%          5

Your spell library contained the following spells:

 Spells                   Type           Power      Damage    Failure   Level
 Ensorcelled Hibernation  Hex/Ice        30%        N/A       2%          2
 Foxfire                  Conj/Fire      20%        2x1d5     4%          1
 Summon Small Mammal      Summ           20%        N/A       4%          1
 Blink                    Tloc           N/A        N/A       6%          2
 Static Discharge         Conj/Air       5%         N/A       6%          2
 Sublimation of Blood     Necr           2%         N/A       6%          2
 Call Canine Familiar     Summ           5%         N/A       12%         3
 Conjure Flame            Conj/Fire      5%         6-21      12%         3
 Gell's Gravitas          Tloc           2%         N/A       12%         3
 Inner Flame              Hex/Fire       5%         N/A       12%         3
 Lesser Beckoning         Tloc           5%         N/A       12%         3
 Summon Guardian Golem    Hex/Summ       5%         N/A       12%         3
 Teleport Other           Tloc           5%         N/A       12%         3
 Irradiate                Conj/Tmut      13%        3d18      16%         5
 Dispel Undead            Necr           5%         3d7       34%         4
 Flame Wave               Conj/Fire      5%         3d4       34%         4
 Sticky Flame             Conj/Fire      5%         2d3       34%         4
 Manifold Assault         Tloc           5%         N/A       67%         5
 Dragon Form              Tmut           24%        N/A       52%         7
 Storm Form               Tmut/Air       13%        N/A       98%         7
 Summon Hydra             Summ           2%         N/A       100%        7


Dungeon Overview and Level Annotations

Branches:
Dungeon (9/15)             Temple (0/1) D:4            Lair (2/6) D:8
Ossuary (visited)
  Swamp: Lair:2-4    Shoals: Lair:2-4     Snake: Lair:2-4    Spider: Lair:2-4
    Orc: D:9-12

Annotations:
D:7 3 runed translucent doors, amoeba's ghost, novice MiFi


Innate Abilities, Weirdness & Mutations

You are a creature of crystalline ice.
You have a powerful freezing melee attack.
You are amphibious.
Your maximum health is increased.
Your armour is entirely melded.
You are incapable of wielding weapons or throwing items.
Your attributes grow dramatically as you level up.
You have an increased reservoir of magic. (+10% MP)
You shall have no god before yourself.


Message History

You barely miss the cane toad.
The cane toad is almost dead.
The yak gores you but does no damage. The cane toad closely misses you.
The yak closely misses you. The yak completely misses you.
You hit the cane toad but do no damage.
The cane toad is almost dead.
The cane toad stings you but does no damage.
The yak gores you! The yak misses you. The yak gores you!
You pummel the cane toad!! You freeze the cane toad.
You kill the cane toad!
You hear the slow rumble of a distant avalanche of rocks.
The yak closely misses you. The yak misses you.
The yak gores you but does no damage.
The yak snorts and paws the ground.
The yak gores you. The cane toad stings you!
* * * LOW HITPOINT WARNING * * *
The cane toad stings you.
* * * LOW HITPOINT WARNING * * *
You are poisoned.
The cane toad poisons you!
You feel very sick.
The yak gores the fungus!
The fungus begins to die.
You feel very sick.
The yak gores the fungus!
The fungus begins to die.
You feel very sick.
There is a stone staircase leading up here.
You feel sick. The cane toad barely misses you.
You climb upwards.
You feel very sick.
There is a stone staircase leading down here.
You feel sick.
Your transformation is almost over.
You feel sick. The yak barely misses you. The cane toad stings you.
* * * LOW HITPOINT WARNING * * *
You feel better. The yak barely misses you. The cane toad stings you!
* * * LOW HITPOINT WARNING * * *
The cane toad closely misses you. The cane toad stings you!!
You die...

#......##.......##.........###...
#.........##....##..#####..##.##.
..#..####..##.#.####.#.##..#####.
.##.....###.....##......##.# ##
.#.#.....#.#.....#.#...#.#.#
...........#...#.##........#
.#...8.....#.8.#.รท...8...#.##
.+....)....#...#.#..........#
##..#.##.#.#...#Y#.#...#..###
##......##.....F###.....###
#.##.#...####+Y##..######
..#####..###...##### ..#
##..##.....# ..# #.....8)>.8#
..## #....#.....# ...#
#....#..8.## ..## ##.....####


You could see a yak and a cane toad.

Vanquished Creatures
  2 two-headed ogres (D:8)
  A centaur warrior (D:8)
  A cyclops (D:6)
  A black mamba (Lair:1)
  2 vault sentinels (D:7)
  3 cane toads
  Maggie (Lair:1)
  3 komodo dragons
  Prince Ribbit (D:7)
  5 blink frogs (Lair:1)
  A basilisk (Lair:2)
  5 water moccasins
  A sky beast (D:7)
  A black bear (D:8)
  2 necrophages
  4 ogres
  6 wolves (Lair:1)
  4 centaurs
  2 phantoms
  A kobold brigand (D:6)
  A wyvern zombie (D:7)
  6 bullfrogs
  17 scorpions
  9 killer bees
  14 wights
  2 howler monkeys
  A bullfrog zombie (D:6)
  4 centaur zombies
  2 hounds
  4 orc priests
  A gnoll shaman (D:5)
  3 human zombies (Ossuary)
  4 jellies
  A centaur skeleton (D:4)
  6 iguanas
  An orc wizard (D:5)
  A scorpion zombie (Ossuary)
  Natasha (twice) (D:2)
  3 mummies (Ossuary)
  4 gnolls
  A howler monkey skeleton (D:7)
  8 adders
  A shadow imp (D:5)
  2 white imps
  2 ufetubi
  2 worms (D:2)
  2 dart slugs
  18 orcs
  7 bats
  8 endoplasms
  6 giant cockroaches
  7 goblins
  5 hobgoblins
  3 jackals (D:4)
  9 ball pythons
  4 frilled lizards (D:1)
  3 gnoll zombies (Ossuary)
  2 goblin zombies (Ossuary)
  A hobgoblin zombie (Ossuary)
  8 kobolds
  A kobold zombie (Ossuary)
  2 orc zombies (Ossuary)
  6 rats
241 creatures vanquished.

Vanquished Creatures (others)
  43 fungi
  41 plants
84 creatures vanquished.

Grand Total: 325 creatures vanquished

Notes
Turn   | Place    | Note
-------+----------+-------------------------------------------
     0 | D:1      | Gwenloh the Demigod Transmuter began the quest for the Orb.
     0 | D:1      | Reached XP level 1. HP: 15/15 MP: 5/5
   156 | D:1      | Reached skill level 1 in Fighting
   626 | D:1      | Reached skill level 2 in Transmutations
   626 | D:1      | Reached XP level 2. HP: 19/23 MP: 5/7
  1170 | D:1      | Learned a level 2 spell: Wereblood
  1368 | D:1      | Reached XP level 3. HP: 28/28 MP: 6/8
  2006 | D:2      | Noticed Natasha
  2012 | D:2      | Learned a level 3 spell: Spider Form
  2044 | D:2      | Killed Natasha
  2202 | D:2      | Noticed Natasha
  2210 | D:2      | Killed Natasha
  2211 | D:2      | Reached XP level 4. HP: 26/36 MP: 10/10
  2956 | D:3      | Reached skill level 3 in Transmutations
  2956 | D:3      | Reached XP level 5. HP: 22/41 MP: 11/11
  4134 | D:4      | Reached XP level 6. HP: 49/49 MP: 13/13
  4422 | D:4      | Learned a level 4 spell: Ice Form
  4702 | D:4      | Found a staircase to the Ecumenical Temple.
  4789 | D:4      | Reached skill level 4 in Transmutations
  5337 | D:4      | Reached skill level 1 in Armour
  5425 | D:5      | Entered Level 5 of the Dungeon
  5439 | D:5      | Reached XP level 7. HP: 26/56 MP: 15/15
  5619 | D:5      | Found a sand-covered staircase.
  5940 | Ossuary  | Entered an ossuary
  6094 | Ossuary  | Reached skill level 5 in Transmutations
  6618 | Ossuary  | Reached XP level 8. HP: 64/64 MP: 16/16
  6842 | Ossuary  | Reached skill level 6 in Transmutations
  6949 | Ossuary  | Reached skill level 5 in Unarmed Combat
  8068 | D:6      | Reached XP level 9. HP: 55/72 MP: 19/19
  8334 | D:6      | Noticed a cyclops
  8637 | D:6      | Killed a cyclops
  8638 | D:6      | Reached skill level 7 in Transmutations
  8763 | D:6      | Reached skill level 5 in Fighting
  8924 | D:6      | Learned a level 5 spell: Blade Hands
  9597 | D:7      | Reached skill level 5 in Spellcasting
  9629 | D:7      | Found a runed translucent gate.
  9632 | D:7      | Found a runed translucent gate.
  9633 | D:7      | Found a runed translucent gate.
  9633 | D:7      | Noticed amoeba's ghost (novice MiFi)
 10110 | D:7      | Identified the +8 hand axe of Bodily Humours {vorpal,
                  | +Blink}
 10155 | D:7      | Noticed Prince Ribbit
 10173 | D:7      | Killed Prince Ribbit
 10354 | D:7      | Reached skill level 5 in Dodging
 10373 | D:7      | Reached skill level 8 in Transmutations
 10793 | D:8      | Found a staircase to the Lair.
 10793 | D:8      | Noticed a centaur warrior
 11523 | D:7      | Identified the +2 robe "Bomap" {Int+5}
 11736 | D:7      | Noticed a vault sentinel
 12298 | D:7      | Noticed a vault sentinel
 12314 | D:7      | Killed a vault sentinel
 12315 | D:7      | Reached XP level 10. HP: 74/83 MP: 21/21
 12317 | D:7      | Killed a vault sentinel
 12318 | D:7      | Reached skill level 1 in Ice Magic
 12503 | D:7      | Found the +18 shield of the Gong {rElec rN+ Will+ EV-5}
 12698 | D:8      | Noticed a two-headed ogre
 12803 | D:8      | Noticed a two-headed ogre
 13102 | D:8      | Killed a two-headed ogre
 13777 | D:8      | Killed a centaur warrior
 14083 | D:8      | Killed a two-headed ogre
 14084 | D:8      | Reached skill level 9 in Transmutations
 14277 | Lair:1   | Entered Level 1 of the Lair of Beasts
 14302 | Lair:1   | Noticed a black mamba
 14307 | Lair:1   | Killed a black mamba
 14409 | Lair:1   | Reached XP level 11. HP: 54/91 MP: 22/22
 15494 | Lair:1   | Noticed Maggie
 15506 | Lair:1   | Killed Maggie
 15985 | Lair:1   | HP: 4/110 [cane toad (5)]
 15990 | Lair:1   | Demolished by a cane toad

Illustrated notes

Levels and vault maps discovered:
D:1:      minmay_arrival_doors, layout_loops_corners,
          hellmonk_ecumenical_altar_blasted, dk_noncrumbling_3,
          minmay_misc_feat_alley, minmay_misc_feat_pillars, minmay_nonomino_d4
D:2:      layout_rooms, uniq_natasha
D:3:      layout_basic, mainiacjoe_overflow_alcove_2,
          chequers_serial_rivers_micro_c
D:4:      layout_layer_cave, overflow_temple_1_default,
          minmay_temple_entry_arrows, kennysheep_generic_room_6
D:5:      layout_loops_ring, nicolae_ossuary_entry_monument
D:6:      layout_basic, kennysheep_dice
D:7:      layout_gridville, mainiacjoe_overflow_cross_hatched,
          gammafunk_ghost_split, chequers_mini_garden, amcnicky_mini_pool_small,
          minmay_misc_feat_five, hellmonk_guarded_unrand_gong,
          uniq_prince_ribbit1
D:8:      layout_rooms, mainiacjoe_overflow_small_starburst,
          mainiacjoe_overflow_catwalk_spiral, due_lair_maze_entry_diamond
D:9:      layout_loops_cross
Lair:1:   layout_misc_corridors, chequers_serial_rivers_micro_e,
          grunt_megastairs_1, uniq_maggie
Lair:2:   layout_gridlike, nicolae_volcano_entry_vermiform,
          nicolae_quartered_pool_medium, beast_lair_carwin_9

Skill      XL: |  1  2  3  4  5  6  7  8  9 10 11 |
---------------+----------------------------------+-----
Fighting       | 1 2 3 4 5 6 7 |  7.3
Dodging        | 2 3 4 5 6 7 |  7.1
Transmutations | 2 3 4 5 6 8 9 |  9.4
Spellcasting   | 2 3 4 5 |  5.0
Unarmed Combat | 3 4 5 6 7 |  7.9
Armour         | 1 2 |  2.1
Ice Magic      | 3 4 |  4.4

Action                   |  1- 3 |  4- 6 |  7- 9 | 10-12 || total
-------------------------+-------+-------+-------+-------++-------
Melee: Unarmed           |    78 |   125 |   343 |   167 ||   713
       Kick              |    17 |    12 |     7 |       ||    36
       Headbutt          |     5 |    11 |     3 |       ||    19
       Punch             |     1 |     1 |     1 |     1 ||     4
Throw: Stone             |    70 |    53 |     3 |       ||   126
       Dart              |       |    27 |    10 |    23 ||    60
 Cast: Beastly Appendage |    29 |    21 |     2 |       ||    52
       Spider Form       |     2 |    10 |     5 |       ||    17
       Ice Form          |       |     4 |    31 |    12 ||    47
       Wereblood         |       |       |     1 |       ||     1
       Blade Hands       |       |       |     2 |     9 ||    11
 Abil: End Transformatio |       |     1 |       |       ||     1
Evoke: Wand              |       |       |       |     2 ||     2
  Use: Potion            |       |       |     6 |     1 ||     7
       Scroll            |       |       |     5 |     4 ||     9
 Stab: Sleeping          |       |     1 |     1 |       ||     2
Armor: Robe              |    10 |    21 |       |       ||    31
       Leather armour    |       |     5 |     8 |    14 ||    27
       Skin              |       |     3 |    99 |    25 ||   127
Dodge: Dodged            |    36 |   102 |   234 |   103 ||   475

Table legend: (Time is in decaauts)
 A = Elapsed time spent in this place.
 B = Non-inter-level travel time spent in this place.
 C = Inter-level travel time spent in this place.
 D = Time resting spent in this place.
 E = Time spent auto-exploring this place.
 F = Levels seen in this place.
 G = Mean time per level.
                   A        B        C        D        E       F      G
               +--------+--------+--------+--------+--------+-----+--------+
         Total |  15942 |  15661 |    281 |   5244 |   5083 |  12 | 1328.5 |
       Dungeon |  13658 |  13393 |    265 |   4467 |   4682 |   9 | 1517.6 |
          Lair |   1175 |   1159 |     16 |    135 |    289 |   2 |  587.5 |
       Ossuary |   1108 |   1108 |      0 |    642 |    112 |   1 | 1108.0 |
               +--------+--------+--------+--------+--------+-----+--------+

Top non-repeatable levels by time:
     D:7: 3115 daAuts
     D:4: 2127 daAuts
     D:6: 1913 daAuts
     D:8: 1684 daAuts
     D:1: 1632 daAuts
     D:5: 1271 daAuts
     D:3: 1205 daAuts
 Ossuary: 1108 daAuts
  Lair:1: 1061 daAuts
     D:2: 706 daAuts
  Lair:2: 113 daAuts
     D:9: 1 daAuts
